 Dungeon Crawl Stone Soup version 0.19-a0-48-g9fa930a (webtiles) character file.

155 Kenran the Twirler (level 5, -4/30 HPs)
             Began as a Gargoyle Gladiator on May 6, 2016.
             Slain by Edmund
             ... wielding a +0 dire flail
              (5 damage)
             ... on level 4 of the Dungeon.
             The game lasted 00:07:16 (2688 turns).

Kenran the Twirler (Gargoyle Gladiator)             Turns: 2688, Time: 00:07:16

Health: -4/30      AC: 10    Str: 19    XL:     5   Next: 37%
Magic:  5/5        EV: 11    Int:  9    God:
Gold:   114        SH:  0    Dex: 10    Spells: 0 memorised, 4 levels left

rFire  + . .     SeeInvis .     a - +0 quarterstaff
rCold  . . .     Gourm    .     b - +0 ring mail (curse)
rNeg   + . .     Faith    .     (shield currently unavailable)
rPois  ∞         Spirit   .     c - +0 helmet
rElec  +         Dismiss  .     (no cloak)
rCorr  .         Reflect  .     (no gloves)
SustAt .         Harm     .     (no boots)
MR     .....                    (no amulet)
Stlth  ..........               (no ring)
                                k - ring of protection from fire

@: not resistant to hostile enchantments, extremely unstealthy
A: negative energy resistance 1, electricity resistance, unbreathing,
petrification resistance, rot immunity, AC +4
a: no special abilities


You were on level 4 of the Dungeon.
You were hungry.

You visited 1 branch of the dungeon, and saw 5 of its levels.

You collected 114 gold pieces.

Inventory:

Hand Weapons
 a - a +0 quarterstaff (weapon)
Missiles
 d - 3 throwing nets (quivered)
Armour
 b - a cursed +0 ring mail (worn)
 c - a +0 helmet (worn)
 r - a +0 scale mail
Jewellery
 k - a ring of protection from fire (left hand)
Scrolls
 e - 3 scrolls of fear
Potions
 l - a potion of cancellation {unknown}
Comestibles
 f - 2 bread rations
 h - a royal jelly
 m - a meat ration
 p - a slice of pizza


   Skills:
 - Level 2.1 Fighting
 + Level 5.9 Staves
 - Level 1.7 Throwing
 - Level 2.4 Dodging


You had 4 spell levels left.
You didn't know any spells.

Dungeon Overview and Level Annotations

Branches:
Dungeon (5/15)
 Temple: D:4-7

Altars:
Makhleb
Okawaru
Qazlal
Ru
Xom
Yredelemnul

Annotations:
D:3 nago's ghost, amateur DgSu
D:4 Edmund; Robin; blinkfrog's ghost, amateur DDNe


Innate Abilities, Weirdness & Mutations

You are resistant to torment.
Your stone body is resilient (AC +4).
You are immune to poison.
You resist negative energy.
You are resistant to electric shocks.
You can survive without breathing.
You are immune to petrification.
You are immune to rotting.


Message History

The worker ant bites you but does no damage.
You feel less confused.
The orc wizard hits you but does no damage.
You are too injured to fight recklessly!
You are too injured to fight recklessly!
You are too injured to fight recklessly!
You closely miss Edmund.
The orc wizard hits you but does no damage.
The worker ant bites you but does no damage.
Edmund hits you but does no damage.
You hit Edmund but do no damage.
The worker ant bites you but does no damage.
The orc wizard gestures at you while chanting.
The puff of flame hits you! Edmund barely misses you.
You thump the orc wizard!
The orc wizard is severely wounded.
The worker ant barely misses you. The orc wizard hits you with a dagger.
* * * LOW HITPOINT WARNING * * *
Edmund hits you with a dire flail.
You die...

*,,,,,,,* *,*****,* *,*
*,* *,* *,*
******************,* *,*
,,,,,,,,,,,,,,,,,,,* *,*
##*****#################,*
..,,,,,........ao.......,*
###**,,,.....#.@@..####***
..##*,,,...,,#.....#
#..#*,,,.,,,,#.....#
##.##**###+###.....# ##..#
*............# .##.#
*............# .##.#
*........#..##
.##.##*........##.#
.##..#*.........,.#


You could see Edmund, a worker ant and an orc wizard.

Vanquished Creatures
  A centaur skeleton (D:4)
  A giant frog skeleton (D:4)
  A worker ant (D:4)
  An adder (D:2)
  2 oozes
  3 worms (D:2)
  A dart slug (D:1)
  A giant gecko (D:5)
  4 orcs
  2 bats (D:1)
  3 giant cockroaches
  3 goblins
  4 hobgoblins
  2 jackals (D:1)
  2 ball pythons (D:2)
  2 giant newts (D:1)
  4 kobolds (D:1)
  6 rats
43 creatures vanquished.

Notes
Turn   | Place    | Note
--------------------------------------------------------------
     0 | D:1      | Kenran the Gargoyle Gladiator began the quest for the Orb.
     0 | D:1      | Reached XP level 1. HP: 12/12 MP: 1/1
   240 | D:1      | Reached XP level 2. HP: 17/17 MP: 2/2
   596 | D:1      | Reached skill level 4 in Staves
  1074 | D:2      | Reached XP level 3. HP: 21/21 MP: 3/3
  2093 | D:3      | Reached XP level 4. HP: 26/26 MP: 4/4
  2167 | D:3      | Noticed nago's ghost (amateur DgSu)
  2310 | D:4      | Reached skill level 5 in Staves
  2419 | D:4      | Reached XP level 5. HP: 25/30 MP: 5/5
  2564 | D:4      | Noticed blinkfrog's ghost (amateur DDNe)
  2580 | D:5      | Entered Level 5 of the Dungeon
  2587 | D:5      | Noticed an ice beast
  2635 | D:4      | Found an iron altar of Okawaru.
  2635 | D:4      | Found a stormy altar of Qazlal.
  2642 | D:4      | Found a shimmering altar of Xom.
  2642 | D:4      | Found a basalt altar of Yredelemnul.
  2665 | D:4      | Noticed Robin
  2669 | D:4      | Found a sacrificial altar of Ru.
  2669 | D:4      | Found a burning altar of Makhleb.
  2669 | D:4      | Noticed Edmund
  2684 | D:4      | HP: 1/30 [Edmund/dire flail (2)]
  2688 | D:4      | Slain by Edmund

Vault maps used:
D:1:      sevenhm_arrival_forest_fort_large_4
D:3:      grunt_temple_overflow_gold_and_silver, first_bread,
          minmay_misc_feat_cross, minmay_misc_feat_nine_boxes
D:4:      grunt_temple_overflow_open, uniq_edmund, uniq_robin
D:5:      grunt_temple_overflow_magic_moments, serial_shops, shop,
          uniq_prince_ribbit1

Skill      XL: |  1  2  3  4 |
---------------+-------------+-----
Staves         | 4 5 |  5.9
Fighting       | |  2.1
Throwing       | |  1.7
Dodging        | |  2.4

Action                   |  1- 3 |  4- 6 || total
-------------------------+-------+-------++-------
Melee: Quarterstaff      |   104 |    47 ||   151
  Use: Scroll            |     5 |     3 ||     8
       Potion            |     1 |     1 ||     2
  Eat: Chunk             |     4 |     1 ||     5
Armor: Leather armour    |    28 |     3 ||    31
       Ring mail         |       |    33 ||    33
       Scale mail        |       |     5 ||     5
Dodge: Dodged            |    63 |    42 ||   105
